 Dungeon Crawl Stone Soup version 0.27-a0-203-gd48b2df3c9 (webtiles) character file.

Game seed: 2565146865199798356

70 Lanoc the Skirmisher (level 4, -1/42 HPs)
             Began as a Naga Fighter on Jan 30, 2021.
             Slain by an orc
             ... wielding a +0 trident
              (8 damage)
             ... on level 3 of the Dungeon.
             The game lasted 00:01:13 (651 turns).

Lanoc the Skirmisher (Naga Fighter)                  Turns: 651, Time: 00:01:13

Health: -1/42      AC:  5    Str: 18    XL:     4   Next: 22%
Magic:  4/4        EV:  5    Int:  8    God:
Gold:   19         SH:  9    Dex: 12    Spells: 3/3 levels left

rFire    . . .     SeeInvis +   a - +0 long sword
rCold    . . .     Faith    .   c - +0 kite shield
rNeg     . . .     Spirit   .   b - +0 scale mail
rPois    +         Reflect  .   (no helmet)
rElec    .         Harm     .   (no cloak)
rCorr    .         Rampage  .   (no gloves)
Will     .....                  (no barding)
Stlth    ..........             (no amulet)
HPRegen  0.14/turn              (no ring)
MPRegen  0.09/turn              (no ring)

@: very slow
A: large, see invisible, deformed body, poison resistance, slowness 2, spit
poison 1, AC +1
a: Spit Poison


You were on level 3 of the Dungeon.
You visited 1 branch of the dungeon, and saw 3 of its levels.

You collected 19 gold pieces.

Inventory:

Hand Weapons
 a - a +0 long sword (weapon)
Armour
 b - a +0 scale mail (worn)
 c - a +0 kite shield (worn)
Scrolls
 e - a scroll of amnesia {unknown}
 f - a scroll of identify {unknown}
 i - a scroll of remove curse {unknown}
Potions
 d - a potion of might
 h - a potion of invisibility {unknown}
 j - a potion of attraction {unknown}


   Skills:
 + Level 3.4 Fighting
 + Level 2.5 Long Blades
 + Level 2.8 Armour
 + Level 1.1 Dodging
 + Level 2.8 Shields


You had 3 spell levels left.
You didn't know any spells.
Your spell library was empty.

Dungeon Overview and Level Annotations

Branches:
Dungeon (3/15)

Altars:


Innate Abilities, Weirdness & Mutations

You cannot wear boots.
Your serpentine skin is tough. (AC +1)
You have supernaturally acute eyesight. (SInv)
Armour fits poorly on your strangely shaped body.
Your system is resistant to poisons. (rPois)
You cover ground very slowly.
You can spit poison.


Message History

You kill the orc!
You block the orc's attack. The orc wizard casts a spell at you.
The puff of flame misses you. You block the orc's attack.
The orc hits you from afar with a +0 trident.
You barely miss the orc wizard.
The orc wizard is severely wounded.
The orc hits you from afar with a +0 trident.
The orc wizard hits you but does no damage.
You slash the orc wizard!
You kill the orc wizard!
The orc hits you from afar with a +0 trident.
* * * LOW HITPOINT WARNING * * *
The orc hits you from afar with a +0 trident.
* * * LOW HITPOINT WARNING * * *
You have reached level 4!
You feel agile.
It was a potion of magic.
Magic courses through your body.
The orc hits you from afar with a +0 trident!
You die...

##### #...
###################o########
....)...........@)oo.(......
.....##############.#..#####
.<...# #.#..# .....# #.#..#
.....# #.#... #.#.## #.#o.o.
#.#.# #.#..... #.#.#
#.#.....# #.#.#


You could see 3 orcs.

Vanquished Creatures
  Natasha (D:2)
  An orc wizard (D:3)
  An adder (D:2)
  A worm (D:2)
  A leopard gecko (D:1)
  An orc (D:3)
  A hobgoblin (D:1)
  2 kobolds
  A rat (D:1)
10 creatures vanquished.

Notes
Turn   | Place    | Note
-------+----------+-------------------------------------------
     0 | D:1      | Lanoc the Naga Fighter began the quest for the Orb.
     0 | D:1      | Reached XP level 1. HP: 21/21 MP: 1/1
   389 | D:2      | Reached XP level 2. HP: 14/28 MP: 2/2
   568 | D:2      | Noticed Natasha
   572 | D:2      | Killed Natasha
   573 | D:2      | Reached skill level 1 in Dodging
   573 | D:2      | Reached XP level 3. HP: 30/34 MP: 3/3
   651 | D:3      | Reached XP level 4. HP: 7/42 MP: 4/4
   651 | D:3      | Slain by an orc

Illustrated notes

Levels and vault maps discovered:
D:1:      matt_arrival_spirals, layout_basic
D:2:      layout_basic, uniq_natasha
D:3:      layout_basic, old_standard_altar

Skill      XL: |  1  2 |
---------------+-------+-----
Dodging        | 1 |  1.1
Fighting       | |  3.4
Long Blades    | |  2.5
Armour         | |  2.8
Shields        | |  2.8

Action                   |  1- 3 |  4- 6 || total
-------------------------+-------+-------++-------
Melee: Long sword        |    36 |       ||    36
 Abil: Spit Poison       |    10 |       ||    10
  Use: Potion            |       |     1 ||     1
Armor: Scale mail        |     9 |       ||     9
Dodge: Dodged            |     3 |       ||     3
Block: Kite shield       |    20 |       ||    20

Table legend: (Time is in decaauts)
 A = Elapsed time spent in this place.
 B = Non-inter-level travel time spent in this place.
 C = Inter-level travel time spent in this place.
 D = Time resting spent in this place.
 E = Time spent auto-exploring this place.
 F = Levels seen in this place.
 G = Mean time per level.
                   A        B        C        D        E       F      G
               +--------+--------+--------+--------+--------+-----+--------+
         Total |    728 |    721 |      7 |      0 |    616 |   3 |  242.7 |
       Dungeon |    728 |    721 |      7 |      0 |    616 |   3 |  242.7 |
               +--------+--------+--------+--------+--------+-----+--------+

Top non-repeatable levels by time:
     D:1: 397 daAuts
     D:2: 279 daAuts
     D:3: 52 daAuts
